 Dungeon Crawl Stone Soup version 0.20.0-10-g0535bb4 (webtiles) character file.

144700 MDvedh the Brawler (level 16, -14/165 HPs)
             Began as a Troll Monk on June 5, 2017.
             Was an Elder of Qazlal.
             Demolished by a naga warrior
             ... wielding a +0 dire flail
              (25 damage)
             ... on level 2 of the Snake Pit.
             The game lasted 00:55:28 (26101 turns).

MDvedh the Brawler (Troll Monk)                    Turns: 26101, Time: 00:55:29

Health: -14/165    AC: 12    Str: 28    XL:     16   Next: 85%
Magic:  1/23       EV: 11    Int:  6    God:    Qazlal [****..]
Gold:   1832       SH: 16    Dex: 12    Spells: 9/15 levels left

rFire    + . .     SeeInvis .     - Unarmed
rCold    . . .     Gourm    +   N - +0 shield
rNeg     . . .     Faith    +   P - +1 steam dragon scales
rPois    +         Spirit   .   (helmet restricted)
rElec    .         Reflect  .   Z - +0 cloak
rCorr    .         Harm     .   (gloves unavailable)
MR       ++...                  (boots unavailable)
Stlth    +.........             j - amulet of faith
Regen    1.2/turn               L - +5 ring of slaying
MPRegen  0.2/turn               g - ring of poison resistance

@: protected from fire, constricted, repel missiles
A: unfitting armour, claws 3, fast metabolism 3, gourmand, magic resistance 1,
sense surroundings 1, regeneration 2, shaggy fur 1, tough skin 2
a: Upheaval, Elemental Force, Renounce Religion


You were on level 2 of the Snake Pit.
You worshipped Qazlal.
Qazlal was greatly pleased with you.
You were not hungry.

You visited 5 branches of the dungeon, and saw 27 of its levels.
You also visited: Labyrinth, Ossuary and Bailey.

You collected 2492 gold pieces.
You spent 660 gold pieces at shops.

Inventory:

Armour
 N - a +0 shield (worn)
 P - +1 steam dragon scales (worn)
 Z - a +0 cloak (worn)
Jewellery
 e - an uncursed ring of protection from magic {unknown}
 g - a ring of poison resistance (right claw)
 i - a +3 ring of evasion
 j - an amulet of faith (around neck)
 q - an uncursed ring of positive energy
 y - an uncursed ring of protection from cold
 L - a +5 ring of slaying (left claw)
Wands
 m - a wand of enslavement (9/24)
 v - a wand of polymorph (6/24)
 A - a wand of scattershot (2/9)
 B - a wand of acid (12/15)
 H - a wand of iceblast (8/15)
 I - a wand of random effects (29/48)
 J - a wand of confusion (9/48)
 M - a wand of digging (14/24)
 W - a wand of enslavement (12/24)
 X - a wand of flame (35/48)
Scrolls
 d - 8 scrolls of remove curse
 f - 6 scrolls of teleportation
 o - a scroll of enchant armour
 w - 11 scrolls of enchant weapon
 x - 6 scrolls of fog
 G - 3 scrolls of amnesia
 O - a scroll of brand weapon
 Q - 2 scrolls of recharging
 T - a scroll of fear
Potions
 a - 4 potions of heal wounds
 c - a potion of haste
 h - 2 potions of cancellation
 p - 3 potions of ambrosia
 r - 10 potions of curing
 s - 2 potions of might
 t - 5 potions of brilliance
 u - 4 potions of resistance
 z - a potion of agility
 C - 3 potions of lignification
 E - 6 potions of flight
 F - 2 potions of mutation
 S - a potion of magic
 Y - a potion of berserk rage
Comestibles
 b - a bread ration
 k - 36 fruits
 l - 22 royal jellies
 n - 10 meat rations


   Skills:
 - Level 11.9 Fighting
 + Level 7.8 Armour
 - Level 11.0 Dodging
 - Level 1.0 Stealth
 + Level 6.3 Shields
 + Level 16.5 Unarmed Combat
 + Level 4.2 Transmutations
 - Level 2.3 Earth Magic
 - Level 11.5 Invocations


You had 9 spell levels left.
You knew the following spells:

 Your Spells              Type           Power        Failure   Level  Hunger
a - Statue Form           Tmut/Erth      #........    100%        6    #######


Dungeon Overview and Level Annotations

Branches:
Dungeon (15/15)            Temple (1/1) D:6            Lair (6/6) D:10
  Snake (3/4) Lair:4        Slime (0/5) Lair:5          Orc (2/2) D:12
    Elf (0/3) Orc:2        Vaults (0/5) D:13         Depths (0/5) D:15
  Swamp: Lair:2-4    Shoals: Lair:2-4

Altars:
Dithmenos
Fedhas
Gozag
Kikubaaqudgha
Makhleb
Okawaru
Qazlal
Sif Muna
Trog
Uskayaw
Xom
Yredelemnul
The Shining One
Beogh
Jiyva

Shops:
D:8 %   Orc:2 :(=[   Snake:1 [   Snake:2 ((

Portals:
Trove: D:14 (give +6 demon blade)

Annotations:
D:7 1 runed door
Lair:3 exclusions: 4 electric eels and 4 more exclusions
Lair:4 exclusion: 2 oklob plants
Lair:5 1 runed door


Innate Abilities, Weirdness & Mutations

You are too large for most types of armour.
You have claws for hands.
Your metabolism is lightning-fast.
You like to eat raw meat.
You heal very quickly.
You are covered in fur. (AC +1)
You have very tough skin. (AC +2)
You are resistant to hostile enchantments. (MR+)
You passively map a small area around you.


Message History

Unknown command.
Unknown command.
The naga warrior is engulfed in freezing vapours.
The anaconda is engulfed in freezing vapours.
The anaconda seems to slow down.
The anaconda grabs you. The anaconda bites you!
* * * LOW HITPOINT WARNING * * *
x2 The anaconda constricts you.
The naga warrior spits poison at you.
The splash of poison is repelled.
The anaconda's grasp on you weakens, but your attempt to escape fails.
The anaconda is engulfed in freezing vapours.
The anaconda closely misses you.
* * * LOW HITPOINT WARNING * * *
The anaconda constricts you. The naga warrior spits poison at you.
The splash of poison is repelled.
The naga warrior is engulfed in freezing vapours.
The naga warrior hits you with a dire flail!!
You die...

# #.# #.##.##.# #...#... # #.#
#.##.##.# #.8.###. # #.#
#.##.##.# #...# #. # #.#
#.##.##.#### ##<## #. #
#.###.##.##.##.####### #. #
##.#..§§......##.##.#.###. #
#...[....§....###.#.#....< #
#....[..NS....# ##..###### #
#......N.@....# ##.......
########.(.##.##.##.## ##.#....
)(.(.(.(.(.##.##.##.### ##.)..÷
≈.######......##.#....# ##)...
≈.######...#####.#....# #....
≈≈...<.....#####.#....# #....
≈.≈............#.#....# #....
≈≈.........))..#.#....# ###....
♣≈≈≈....#...(..#.#....#####......


You could see 2 naga warriors and an anaconda.

Vanquished Creatures
  Jorgrun (Snake:2)
  Aizul (Snake:2)
  A nagaraja (Snake:2)
  Louise (D:15)
  2 entropy weavers (Lair:5)
  Nessos (D:14)
  Azrael (D:15)
  Snorg (Lair:4)
  2 ogre magi
  The ghost of tilp the Arsonist, a journeyman HOFE of Okawaru (Orc:1)
  A fire dragon (Lair:6)
  Erolcha (Orc:2)
  4 vault guards (D:13)
  3 hydras
  5 naga warriors (Snake:2)
  4 anacondas
  A catoblepas (D:14)
  2 centaur warriors (D:14)
  11 two-headed ogres
  13 death yaks
  A queen ant (Lair:5)
  5 shock serpents
  Urug (D:14)
  3 naga sharpshooters (Snake:2)
  3 sea snakes (Snake:2)
  3 unseen horrors
  4 naga ritualists
  A lindwurm (Lair:6)
  A deep elf archer (D:9)
  9 orc knights
  A harpy (shapeshifter) (D:13)
  3 deep elf magi
  2 necromancers
  A wolf spider zombie (D:15)
  4 cyclopes
  9 mana vipers
  3 orc sorcerers
  5 salamanders
  10 ugly things
  A manticore (D:15)
  12 elephants
  37 black mambas
  A guardian serpent (Snake:3)
  8 naga magi
  3 molten gargoyles (Lair:6)
  2 gargoyles
  Joseph (D:7)
  11 spiny frogs
  A torpor snail (Lair:2)
  A centaur skeleton (D:15)
  2 kobold demonologists
  3 komodo dragons
  2 rime drakes
  A freezing wraith (D:13)
  5 polar bears
  A merfolk (D:9)
  A queen bee (Lair:2)
  10 trolls
  2 wolf spider simulacra (D:15)
  7 hippogriffs
  8 blink frogs
  A hippogriff (shapeshifter) (D:13)
  7 dream sheep
  A centaur simulacrum (D:15)
  A shadow (D:13)
  38 yaks
  8 wyverns
  6 fire elementals (D:15)
  2 wraiths
  8 basilisks
  A steam dragon (Lair:6)
  6 vampire mosquitoes
  7 wargs
  Menkaure (D:5)
  16 nagas
  5 hungry ghosts
  7 water moccasins
  18 soldier ants
  4 porcupines
  3 hell hounds (Lair:6)
  A meliai simulacrum (D:14)
  42 orc warriors
  2 sky beasts
  4 black bears
  15 ice beasts
  2 necrophages (D:8)
  10 wolves
  4 phantoms
  18 ogres
  19 centaurs
  13 crocodiles
  2 big kobolds
  15 bullfrogs
  7 scorpions
  3 troll zombies (D:12)
  27 killer bees
  The ghost of maniacrov the Poker, a weakling MfGl of Fedhas (D:3)
  14 wights
  3 howler monkeys
  A bullfrog zombie (D:12)
  5 crimson imps
  6 centaur zombies
  5 lava snakes (Lair:6)
  A quasit (D:9)
  7 hounds
  24 orc priests
  A jelly (D:12)
  21 orc wizards
  2 bullfrog skeletons
  Ijyb (D:5)
  Terence (D:2)
  2 iguanas
  20 worker ants
  A killer bee zombie (D:7)
  5 ogre zombies (D:12)
  A hound zombie (D:5)
  4 mummies
  2 howler monkey zombies
  A worker ant zombie (D:10)
  A gnoll (shapeshifter) (D:15)
  3 gnolls (D:4)
  15 adders
  3 shadow imps
  3 adder zombies
  2 worms (D:2)
  A dart slug (D:3)
  4 leopard geckos
  79 orcs
  A ball python (D:2)
  4 bats
  7 giant cockroaches
  A gnoll zombie (Ossuary)
  11 goblins
  6 hobgoblins
  11 jackals
  3 quokkas
  4 frilled lizards
  A goblin skeleton (D:12)
  9 goblin zombies
  3 hobgoblin skeletons (D:12)
  5 hobgoblin zombies
  22 kobolds
  A kobold zombie (Ossuary)
  A leopard gecko zombie (D:5)
  2 orc skeletons (D:12)
  13 orc zombies (D:12)
  A quokka skeleton (D:8)
  3 quokka zombies
  7 rats
  4 rat zombies (Ossuary)
  2 butterflies (Lair:2)
932 creatures vanquished.

Vanquished Creatures (collateral kills)
  Kirke (D:15)
  A minotaur (Lab)
  2 hydras (Lair:4)
  A two-headed ogre (D:12)
  2 orc knights
  A vampire mosquito (D:13)
  A naga (Snake:2)
  A water moccasin (Lair:6)
  A porcupine (Lair:2)
  2 orc warriors (Orc:2)
  A killer bee (Lair:2)
  A worker ant (Lair:5)
  3 orcs (Orc:2)
18 creatures vanquished.

Vanquished Creatures (others)
  A human (D:15)
  4 hogs (D:15)
  8 fungi
  62 plants
75 creatures vanquished.

Grand Total: 1025 creatures vanquished

Notes
Turn   | Place    | Note
-------+----------+-------------------------------------------
     0 | D:1      | MDvedh the Troll Monk began the quest for the Orb.
     0 | D:1      | Reached XP level 1. HP: 22/22 MP: 0/0
   328 | D:1      | Reached XP level 2. HP: 29/29 MP: 1/1
   919 | D:2      | Reached skill level 4 in Unarmed Combat
   922 | D:2      | Reached XP level 3. HP: 33/36 MP: 2/2
  1018 | D:2      | Noticed Terence
  1028 | D:2      | Killed Terence
  1051 | D:2      | Reached skill level 5 in Unarmed Combat
  1051 | D:2      | Reached XP level 4. HP: 35/44 MP: 3/3
  1644 | D:3      | Reached XP level 5. HP: 50/50 MP: 4/4
  1705 | D:3      | Found an iron altar of Okawaru.
  1808 | D:3      | Noticed maniacrov's ghost (weakling MfGl)
  1826 | D:3      | Killed maniacrov's ghost
  1826 | D:3      | Reached skill level 6 in Unarmed Combat
  1911 | D:3      | Noticed an ice beast
  2009 | D:3      | Killed an ice beast
  2009 | D:3      | Reached skill level 7 in Unarmed Combat
  2009 | D:3      | Reached XP level 6. HP: 51/59 MP: 5/5
  2759 | D:4      | Reached skill level 8 in Unarmed Combat
  2859 | D:5      | Entered Level 5 of the Dungeon
  2869 | D:5      | Reached XP level 7. HP: 66/66 MP: 6/6
  2930 | D:5      | Noticed Menkaure
  2936 | D:5      | Killed Menkaure
  3222 | D:5      | Found a sand-covered staircase.
  3257 | Ossuary  | Entered an ossuary
  3274 | Ossuary  | Reached skill level 9 in Unarmed Combat
  3526 | D:5      | Noticed Ijyb
  3553 | D:5      | Paralysed by Ijyb for 3 turns
  3558 | D:5      | Killed Ijyb
  4045 | D:5      | Reached XP level 8. HP: 55/74 MP: 7/7
  4179 | D:6      | Reached skill level 10 in Unarmed Combat
  4202 | D:6      | Found a staircase to the Ecumenical Temple.
  4846 | Temple   | Entered the Ecumenical Temple
  4900 | Temple   | Became a worshipper of Qazlal Stormbringer
  4900 | Temple   | Reached * piety under Qazlal
  4900 | Temple   | Reached ** piety under Qazlal
  5113 | D:7      | Noticed Joseph
  5125 | D:7      | Killed Joseph
  5125 | D:7      | Reached skill level 1 in Invocations
  5239 | D:7      | Found a flagged portal.
  5245 | Bailey   | Entered a bailey
  5482 | D:7      | Found a burning altar of Makhleb.
  5620 | D:7      | Noticed a manticore
  5624 | D:7      | Found a runed door.
  5667 | D:7      | Reached XP level 9. HP: 84/84 MP: 9/9
  5748 | D:7      | Noticed a two-headed ogre
  5750 | D:7      | Noticed a white ugly thing
  5750 | D:7      | Noticed a two-headed ogre
  5754 | D:7      | Killed a two-headed ogre
  5761 | D:7      | Killed a white ugly thing
  5763 | D:7      | Reached skill level 5 in Fighting
  5763 | D:7      | Reached skill level 11 in Unarmed Combat
  5772 | D:7      | Killed a two-headed ogre
  5772 | D:7      | Reached skill level 5 in Dodging
  5783 | D:7      | Reached XP level 10. HP: 65/96 MP: 4/12
  6356 | D:8      | Found Tinydur's Food Shop.
  6530 | D:8      | Reached *** piety under Qazlal
  6949 | D:9      | Reached skill level 5 in Invocations
  7710 | D:9      | Found a runed door.
  7901 | D:9      | Noticed a deep elf archer
  7928 | D:9      | Killed a deep elf archer
  8039 | D:9      | Reached **** piety under Qazlal
  8088 | D:9      | Noticed a necromancer
  8089 | D:9      | Noticed an orc knight
  8091 | D:9      | Killed a necromancer
  8121 | D:9      | Killed an orc knight
  8121 | D:9      | Reached XP level 11. HP: 94/107 MP: 7/14
  8212 | D:10     | Entered Level 10 of the Dungeon
  8251 | D:10     | Found a staircase to the Lair.
  8260 | D:10     | Reached skill level 12 in Unarmed Combat
  8865 | Lair:1   | Entered Level 1 of the Lair of Beasts
 10120 | Lair:2   | Reached ***** piety under Qazlal
 10322 | Lair:2   | Reached XP level 12. HP: 71/119 MP: 16/16
 10843 | Lair:2   | Reached skill level 13 in Unarmed Combat
 11386 | Lair:3   | Found a frozen archway.
 12042 | Lair:4   | Found a staircase to the Snake Pit.
 12145 | Lair:4   | Noticed a four-headed hydra
 12158 | Lair:4   | Killed a four-headed hydra
 12372 | Lair:4   | Noticed a death yak
 12372 | Lair:4   | Noticed a death yak
 12372 | Lair:4   | Noticed a death yak
 12373 | Lair:4   | Noticed a death yak
 12383 | Lair:4   | Killed a death yak
 12387 | Lair:4   | Killed a death yak
 12390 | Lair:4   | Noticed Snorg
 12394 | Lair:4   | Killed a death yak
 12539 | Lair:4   | Killed Snorg
 12544 | Lair:4   | Killed a death yak
 12793 | Lair:4   | Noticed a four-headed hydra
 12798 | Lair:4   | Killed a four-headed hydra
 13241 | Lair:5   | Reached XP level 13. HP: 131/131 MP: 18/18
 13482 | Lair:5   | Noticed an entropy weaver
 13500 | Lair:5   | Killed an entropy weaver
 13640 | Lair:5   | Noticed an entropy weaver
 13660 | Lair:5   | Killed an entropy weaver
 14101 | Lair:5   | Reached skill level 14 in Unarmed Combat
 14120 | Lair:5   | Found a runed door.
 14120 | Lair:5   | Found a viscous altar of Jiyva.
 14124 | Lair:5   | Found a staircase to the Slime Pits.
 14448 | Lair:6   | Entered Level 6 of the Lair of Beasts
 14642 | Lair:6   | Reached skill level 10 in Fighting
 14680 | Lair:6   | Reached skill level 10 in Dodging
 14803 | Lair:6   | Reached skill level 10 in Invocations
 15032 | Lair:6   | Reached XP level 14. HP: 124/143 MP: 20/20
 15543 | Lair:6   | Reached skill level 1 in Armour
 15612 | Lair:6   | Found a large runed door.
 15613 | Lair:6   | Found a large runed door.
 16389 | D:11     | Reached ****** piety under Qazlal
 16498 | D:11     | Gained mutation: You heal very quickly. [mutagenic meat]
 16639 | D:11     | Gained mutation: Your spells are a little harder to cast, but a little more powerful. [mutagenic meat]
 16640 | D:11     | Lost mutation: Your spells are a little harder to cast, but a little more powerful. [mutagenic meat]
 16641 | D:11     | Gained mutation: You are resistant to hostile enchantments. (MR+) [mutagenic meat]
 16642 | D:11     | Gained mutation: You occasionally shout uncontrollably at your foes. [mutagenic meat]
 16992 | D:12     | Reached skill level 15 in Unarmed Combat
 17087 | D:12     | Paralysed by an orc sorcerer for 2 turns
 17277 | D:12     | Found a staircase to the Orcish Mines.
 17322 | D:12     | Gained mutation: You passively map a small area around you. [mutagenic meat]
 17323 | D:12     | Lost mutation: You occasionally shout uncontrollably at your foes. [mutagenic meat]
 17757 | D:12     | Paralysed by an ogre mage for 5 turns
 18308 | D:13     | Found a labyrinth entrance.
 18317 | Lab      | Entered a labyrinth
 18773 | Lab      | Identified the Collected Works on Confrontation and Augmentations
 19024 | Orc:1    | Entered Level 1 of the Orcish Mines
 19140 | Orc:2    | Entered Level 2 of the Orcish Mines
 19235 | Orc:2    | Found a staircase to the Elven Halls.
 19371 | Orc:2    | Reached skill level 1 in Shields
 19398 | Orc:2    | Noticed Erolcha
 19603 | Orc:2    | Reached XP level 15. HP: 146/154 MP: 20/22
 19780 | Orc:2    | Found a roughly hewn altar of Beogh.
 19836 | Orc:2    | Killed Erolcha
 20002 | Orc:2    | Found Usat Abe's Jewellery Shoppe.
 20002 | Orc:2    | Found Etwa's Armour Boutique.
 20068 | Orc:2    | Found Ybuscheng's Book Shoppe.
 20068 | Orc:2    | Found Gecheuqo's Weapon Boutique.
 20427 | Orc:1    | Noticed tilp's ghost (journeyman HOFE)
 20433 | Orc:1    | Killed tilp's ghost
 21192 | D:13     | Reached skill level 5 in Armour
 21456 | D:13     | Found a gate to the Vaults.
 21625 | D:14     | Noticed Urug
 21635 | D:14     | Killed Urug
 21731 | D:14     | Found a portal to a secret trove of treasure.
 21749 | D:14     | Noticed Nessos
 21763 | D:14     | Killed Nessos
 22203 | D:15     | Entered Level 15 of the Dungeon
 22350 | D:15     | Noticed Louise
 22369 | D:15     | Killed Louise
 22641 | D:15     | Noticed Azrael
 22653 | D:15     | Killed Azrael
 22697 | D:15     | Noticed Kirke
 22709 | D:15     | Killed Kirke
 22894 | D:15     | Found a staircase to the Depths.
 23096 | D:15     | Reached XP level 16. HP: 165/165 MP: 23/23
 23421 | Orc:2    | Bought a book of Transfigurations for 660 gold pieces
 23428 | Orc:2    | Learned a level 6 spell: Statue Form
 23629 | Snake:1  | Entered Level 1 of the Snake Pit
 23663 | Snake:1  | Reached skill level 16 in Unarmed Combat
 23667 | Snake:1  | Reached skill level 1 in Earth Magic
 23693 | Snake:1  | Reached skill level 1 in Transmutations
 23745 | Snake:1  | Found Piazyafu's Armour Boutique.
 24011 | Snake:1  | Reached skill level 5 in Shields
 24557 | Snake:2  | Noticed Aizul
 24576 | Snake:2  | Killed Aizul
 24653 | Snake:2  | Noticed Jorgrun
 24665 | Snake:2  | Killed Jorgrun
 24799 | Snake:2  | Found a shimmering altar of Xom.
 24805 | Snake:2  | Found Mikekiek's Weapon Emporium.
 24805 | Snake:2  | Found Gyplib's Weapon Shoppe.
 26101 | Snake:2  | Demolished by a naga warrior

Skill      XL: |  1  2  3  4  5  6  7  8  9 10 11 12 13 14 15 16 |
---------------+-------------------------------------------------+-----
Unarmed Combat | 4 5 7 8 9 10 11 12 13 14 15 16 | 16.5
Fighting       | 4 5 6 7 9 10 11 | 11.9
Dodging        | 3 5 6 7 9 10 11 | 11.0
Invocations    | 2 4 5 7 8 10 11 | 11.5
Armour         | 4 6 7 |  7.8
Shields        | 1 4 6 |  6.3
Earth Magic    | 2 |  2.3
Transmutations | 4 |  4.2
Stealth        | |  1.0

Action                   |  1- 3 |  4- 6 |  7- 9 | 10-12 | 13-15 | 16-18 || total
-------------------------+-------+-------+-------+-------+-------+-------++-------
Melee: Unarmed           |    57 |   204 |   205 |   588 |  1460 |   411 ||  2925
       Punch             |       |     7 |     9 |    26 |    76 |       ||   118
Invok: Upheaval          |       |       |     2 |       |     6 |    11 ||    19
       Elemental Force   |       |       |       |     7 |    11 |     2 ||    20
       Disaster Area     |       |       |       |     1 |     2 |     2 ||     5
  Use: Scroll            |       |    13 |     3 |    12 |    11 |     4 ||    43
       Potion            |       |       |       |     8 |     4 |       ||    12
 Stab: Sleeping          |     7 |     4 |     3 |       |       |       ||    14
       Invisible         |       |       |       |     1 |       |       ||     1
  Eat: Chunk             |    15 |     8 |    20 |    53 |    85 |    18 ||   199
       Bread ration      |       |       |     2 |     6 |     4 |     2 ||    14
Armor: Robe              |     7 |    67 |    30 |    72 |       |       ||   176
       Troll leather arm |       |       |       |     3 |    62 |       ||    65
       Steam dragon scal |       |       |       |       |   136 |    37 ||   173
Dodge: Dodged            |    20 |    89 |   108 |   345 |   652 |   126 ||  1340
       Deflected         |       |       |       |     1 |    16 |    18 ||    35
Block: Other             |       |       |     4 |   127 |   170 |       ||   301
       Shield            |       |       |       |       |   441 |   297 ||   738
